 Dungeon Crawl Stone Soup version 0.31.0 (webtiles) character file.

Game seed: 2294374827864156438

60 ces the Chopper (level 3, 0/49 HPs)
             Began as a Minotaur Berserker on Jan 20, 2024.
             Was a Believer of Trog.
             Splashed by a jelly's acid (5 damage)
             ... on level 3 of the Dungeon.
             The game lasted 00:03:39 (1506 turns).

ces the Chopper (Minotaur Berserker)                Turns: 1506, Time: 00:03:40

Health: 0/49       AC: -9    Str: 23    XL:     3   Next: 82%
Magic:  2/2        EV: 12    Int:  4    God:    Trog [**....]
Gold:   118        SH:  0    Dex:  9    Spells: 2/2 levels left

rFire   . . .        a - +0 hand axe
rCold   . . .        (no shield)
rNeg    . . .        b - +0 animal skin
rPois   .            (helmet restricted)
rElec   .            (no cloak)
rCorr   .            (no gloves)
SInv    .            (no boots)
Will    ++...        (no amulet) Stlth
                     (no ring)
HPRegen 1.28/turn    (no ring)
MPRegen 0.08/turn

%: no passive effects
@: berserking, strong-willed, corroded, regenerating, very quick
A: horns 2, retaliatory headbutt
a: Renounce Religion, Berserk, Trog's Hand


You were on level 3 of the Dungeon.
You worshipped Trog.
Trog was pleased with you.
You visited 1 branch of the dungeon, and saw 3 of its levels.

You collected 118 gold pieces.

Inventory:

Hand Weapons
 a - a +0 hand axe (weapon)
Armour
 b - a +0 animal skin (worn)
Jewellery
 p - a ring of see invisible
Scrolls
 d - a scroll of blinking {unknown}
 e - a scroll of fog {unknown}
 g - a scroll of poison {unknown}
 h - a scroll of vulnerability {unknown}
 k - a scroll of immolation {unknown}
 m - a scroll of amnesia {unknown}
 n - a scroll of revelation {unknown}
 q - a scroll of enchant armour {unknown}
Potions
 c - a potion of mutation {unknown}
 f - a potion of cancellation {unknown}
 i - 2 potions of brilliance {unknown}
 j - a potion of magic {unknown}
 l - a potion of berserk rage {unknown}
 o - a potion of ambrosia {unknown}


   Skills:
 - Level 4.2 Fighting
 + Level 4.3 Axes
 - Level 3.2 Armour
 - Level 2.9 Dodging


You had 2 spell levels left.
You didn't know any spells.
Your spell library was empty.

Dungeon Overview and Level Annotations

Branches:
Dungeon (3/15)

Altars:
Vehumet


Innate Abilities, Weirdness & Mutations

You have a pair of horns on your head.
You reflexively headbutt those who attack you in melee.


Message History

You barely miss the kobold. The kobold hits you but does no damage.
You slash the kobold!
You kill the kobold!
Trog accepts your kill.
No target in view!
No target in view!
Things that are here:
a +0 short sword; 3 poisoned darts; a kobold corpse
Things that are here:
a +0 short sword; 3 poisoned darts; a kobold corpse A jelly comes into view.
Found a scroll labelled HURUISA TIEM.
The jelly quivers.
A jelly is nearby!
A jelly is nearby!
You hit the jelly. The acid corrodes you!
Your hands burn!
The jelly is moderately wounded.
The jelly hits you.
You are splashed with acid!
You completely miss the jelly.
The jelly is moderately wounded.
The jelly hits you.
You are splashed with acid!
* * * LOW HITPOINT WARNING * * *
You are too injured to fight recklessly!
You are too injured to fight recklessly!
Your skin crawls.
You feel strong-willed. The jelly closely misses you.
A red film seems to cover your vision as you go berserk!
You feel yourself moving faster!
You feel mighty! The jelly hits you.
* * * LOW HITPOINT WARNING * * *
The acid corrodes you!
You are splashed with acid!
* * * LOW HITPOINT WARNING * * *
You are too injured to fight recklessly!
You are too injured to fight recklessly!
You hit the jelly but do no damage.
Your hands burn!
* * * LOW HITPOINT WARNING * * *
The jelly is moderately wounded.
The jelly misses you. You furiously retaliate!
You headbutt the jelly. You hit the jelly. The acid corrodes you!
Your hands burn!
You die...

#.# #.# #.#
########.#
###
.........#
..#####..#
#..# #..#
##..# #...#
#@#.#
#.?J...#
#.........#
######...##
##.## #.#
#.# #.#


You could see a jelly.

Vanquished Creatures
  2 adders (D:2)
  An orc (D:3)
  3 ball pythons (D:1)
  4 endoplasms
  A giant cockroach (D:1)
  4 goblins (D:1)
  2 hobgoblins
  7 jackals (D:1)
  6 kobolds
  2 quokkas (D:1)
  A frilled lizard (D:2)
  2 rats
35 creatures vanquished.

Notes
Turn   | Place    | Note
-------+----------+-------------------------------------------
     0 | D:1      | ces the Minotaur Berserker began the quest for the Orb.
     0 | D:1      | Reached XP level 1. HP: 19/19 MP: 0/0
    67 | D:1      | Reached XP level 2. HP: 27/27 MP: 1/1
   418 | D:1      | Reached ** piety under Trog
   422 | D:1      | Reached XP level 3. HP: 31/33 MP: 2/2
   699 | D:2      | Found a faded altar of an unknown god.
   726 | D:2      | Found a radiant altar of Vehumet.
  1506 | D:3      | Splashed by a jelly's acid

Illustrated notes

Levels and vault maps discovered:
D:1:      dpeg_arrival_more_subterranean_lakeside_camping, layout_rooms,
          st_stairs_13
D:2:      layout_loops_ring, basic_altar, hellmonk_ecumenical_altar_crossroads
D:3:      layout_loops_ring, amcnicky_altar_gilded, ebering_ghost_rock_garden,
          serial_shops, nicolae_shop_behind_doors, minmay_fountain_box,
          minmay_misc_feat_ornament

Skill      XL: |  1  2 |
---------------+-------+-----
Fighting       | 4 |  4.2
Axes           | 4 |  4.3
Armour         | 3 |  3.2
Dodging        | |  2.9

Action                     || total
---------------------------++-------
  Melee: Hand axe          ||    90
         Headbutt          ||    10
 Invoke: Berserk           ||     2
         Trog's Hand       ||     1
 Armour: Animal skin       ||    48
  Dodge: Dodged            ||    52
